[Event "ICCopen2017"]
[Site "Internet Chess Club"]
[Date "2017.04.02"]
[Round "4"]
[White "Kheshig"]
[Black "Assured"]
[Result "1-0"]
[ICCResult "Black checkmated"]
[WhiteElo "2637"]
[BlackElo "2824"]
[Opening "Caro-Kann: classical, Spassky variation"]
[ECO "B19"]
[NIC "CK.12"]
[Time "19:41:40"]
[TimeControl "180+0"]

1. e4 d5 2. exd5 Qxd5 3. Nc3 Qd8 4. d4 c6 5. Ne4 Bf5 6. Ng3 Bg6 7. h4 h6 8.
Nf3 Nd7 9. h5 Bh7 10. Bd3 Bxd3 11. Qxd3 e6 12. Bd2 Ngf6 13. O-O-O Be7 14.
Kb1 Qc7 15. Ne4 O-O-O 16. g3 Nxe4 17. Qxe4 Nf6 18. Qe2 Nd7 19. c4 Rhe8 20.
a3 Bd6 21. Bc3 Bf8 22. Rhe1 Nf6 23. Ne5 Kb8 24. f4 Ka8 25. g4 Qe7 26. Ka2
Nd7 27. Nd3 Qd6 28. g5 Qc7 29. Qf3 Qb6 30. b3 Qa6 31. a4 Qb6 32. Re2 c5 33.
d5 Nb8 34. Rde1 Na6 35. g6 fxg6 36. Rxe6 Rxe6 37. Rxe6 Qc7 38. Rxg6 Qf7 39.
Qe4 Re8 40. Ne5 Qc7 41. Re6 Rc8 42. Qf5 Nb4+ 43. Bxb4 cxb4 44. Nd3 Rb8 45.
Qe5 Qf7 46. d6 Qd7 47. Nxb4 Rd8 48. c5 a5 49. Nd5 Qc6 50. Nc7+ Ka7 51. Nb5+
Ka8 52. Ka3 Qh1 53. Re8 Qc1+ 54. Ka2 Qc2+ 55. Qb2 Qxb2+ 56. Kxb2 Rxe8 57.
Nc7+ Kb8 58. Nxe8 Kc8 59. Nc7 Kd7 60. Kc3 g6 61. hxg6 h5 62. Nd5 h4 63. Ne3
h3 64. Ng4 Bg7+ 65. Kd3 Ke6 66. Ke4 h2 67. f5+ Kd7 68. Nxh2 Kc6 69. Ng4 b6
70. f6 Bf8 71. g7 Bxg7 72. fxg7 Kxc5 73. g8=Q Kxd6 74. Qd5+ Kc7 75. Ne5 Kb8
76. Qd7 b5 77. Nc6+ Ka8 78. Qc8# {Black checkmated} 1-0

[Event "ICCopen2017"]
[Site "Internet Chess Club"]
[Date "2017.04.02"]
[Round "4"]
[White "Seraphim"]
[Black "playwaycool"]
[Result "0-1"]
[ICCResult "White forfeits on time"]
[WhiteElo "1836"]
[BlackElo "2188"]
[Opening "Ruy Lopez: Anderssen variation"]
[ECO "C77"]
[NIC "RL.12"]
[Time "19:41:44"]
[TimeControl "180+0"]

1. e4 e5 2. Nf3 Nc6 3. Bb5 a6 4. Ba4 Nf6 5. d3 b5 6. Bb3 Be7 7. O-O d6 8. c3
h6 9. Re1 O-O 10. Nbd2 Na5 11. Bc2 c5 12. Nf1 Re8 13. Ne3 Bf8 14. Qe2 Nc6
15. a4 b4 16. Bb3 Be6 17. Bxe6 fxe6 18. Nc4 bxc3 19. bxc3 Rb8 20. a5 Rb5 21.
Qa2 Nd7 22. Bd2 Kh8 23. Reb1 Rxb1+ 24. Rxb1 Qc7 25. Nb6 Nf6 26. c4 Rb8 27.
Qb2 Nd7 28. Nh4 Nd4 29. Ng6+ Kh7 30. Nxf8+ Nxf8 31. Bc3 Nd7 32. Bxd4 exd4
33. h3 e5 34. Qb3 Qc6 35. Kh2 g5 36. g3 Rf8 37. Kg2 Rf7 38. Nxd7 Rxd7 39.
Qb6 Rc7 40. Qxc6 Rxc6 41. Rb7+ Kg6 42. Ra7 h5 43. f3 Rc8 44. Rxa6 Rd8 45.
Rc6 Kf6 46. a6 Ke6 47. Rb6 Ra8 48. h4 gxh4 49. gxh4 Kd7 50. f4 Kc7 51. Rb7+
Kc6 52. Rh7 Rxa6 53. Rh6 Ra2+ 54. Kf3 exf4 {White forfeits on time} 0-1

[Event "ICCopen2017"]
[Site "Internet Chess Club"]
[Date "2017.04.02"]
[Round "4"]
[White "unkavalo"]
[Black "xvs"]
[Result "1-0"]
[ICCResult "Black checkmated"]
[WhiteElo "2382"]
[BlackElo "1891"]
[Opening "English: four knights, 4.e3"]
[ECO "A28"]
[NIC "EO.06"]
[Time "19:42:11"]
[TimeControl "180+0"]

1. c4 e5 2. Nc3 Nc6 3. Nf3 Nf6 4. e3 d6 5. d4 exd4 6. Nxd4 Be7 7. Nxc6 bxc6
8. Be2 O-O 9. Bf3 Bd7 10. O-O Rb8 11. Qa4 d5 12. Qxa7 dxc4 13. Rd1 Qc8 14.
Qa4 Ra8 15. Qxc4 Bd6 16. Bxc6 Be6 17. Qe2 Rb8 18. a4 Bg4 19. Bf3 Be6 20. a5
Bb3 21. a6 Bxd1 22. Qxd1 Rd8 23. Qc2 c6 24. Ne2 Rb6 25. a7 Ra6 26. Rxa6 Qxa6
27. Qxc6 Qxa7 28. g3 Be7 29. Kg2 h6 30. Nd4 Qb8 31. Qa6 Rd6 32. Qa2 Qc7 33.
Bd2 Rd8 34. Bc3 Rc8 35. Nf5 Bf8 36. Nxh6+ gxh6 37. Bxf6 Qd6 38. Bc3 Qg6 39.
Qa4 Rd8 40. h4 h5 41. Qb5 Be7 42. Qe5 f6 43. Qxe7 Re8 44. Bd5+ Kh8 45. Bxf6+
Qxf6 46. Qxf6+ Kh7 47. Qf7+ Kh6 48. Qxe8 Kg7 49. Qe7+ Kh6 50. Qf6+ Kh7 51.
Be4+ Kg8 52. Qg6+ Kf8 53. Qh7 Ke8 54. Bf5 Kd8 55. Qd7# {Black checkmated}
1-0

[Event "ICCopen2017"]
[Site "Internet Chess Club"]
[Date "2017.04.02"]
[Round "4"]
[White "AreYouSerious"]
[Black "akibael"]
[Result "0-1"]
[ICCResult "White checkmated"]
[WhiteElo "1814"]
[BlackElo "2169"]
[Opening "Réti opening"]
[ECO "A06"]
[NIC "QP.09"]
[Time "19:42:02"]
[TimeControl "180+0"]

1. Nf3 d5 2. e3 Nf6 3. b3 c6 4. Bb2 g6 5. g3 Bg7 6. Bg2 O-O 7. O-O Nbd7 8.
d4 Ne4 9. Nbd2 Ndf6 10. c4 Qa5 11. Qc2 Bf5 12. Qc1 Rac8 13. c5 b6 14. Ne5
Qxd2 15. f3 Qxc1 16. Raxc1 Ng5 17. h4 Ne6 18. cxb6 axb6 19. g4 Bxg4 20. fxg4
c5 21. dxc5 Rxc5 22. Rxc5 Nxc5 23. Ba3 Ra8 24. Bxc5 bxc5 25. Rc1 Rc8 26. Kf2
e6 27. Rc2 Ne4+ 28. Bxe4 Bxe5 29. Bf3 Rc7 30. a4 Bd6 31. Ra2 Rb7 32. Bd1 Bb8
33. a5 Ba7 34. a6 Rb4 35. Kf3 Kf8 36. Bc2 f5 37. gxf5 gxf5 38. h5 Kg7 39.
Ra1 Kh6 40. Ke2 Rb6 41. Kf3 Kxh5 42. Kf4 Bb8+ 43. Kf3 Ba7 44. Kf4 Kg6 45.
Ra4 Kf6 46. Kg3 Rb4 47. Ra2 h5 48. Kf3 h4 49. Kg2 e5 50. Kh3 c4 51. bxc4
Rxc4 52. Bb3 Rc3 53. Bc2 Kg5 54. Bb1 Rxe3+ 55. Kh2 h3 56. Rf2 f4 57. Bc2 Rc3
58. Bd1 Bxf2 59. Bf3 Kh4 60. Bh1 Bg3+ 61. Kg1 Rc1# {White checkmated} 0-1

[Event "ICCopen2017"]
[Site "Internet Chess Club"]
[Date "2017.04.02"]
[Round "4"]
[White "anan"]
[Black "tenho"]
[Result "0-1"]
[ICCResult "White forfeits on time"]
[WhiteElo "1572"]
[BlackElo "1960"]
[Opening "Sicilian: Hungarian variation"]
[ECO "B27"]
[NIC "SI.43"]
[Time "19:42:32"]
[TimeControl "180+0"]

1. e4 c5 2. Nf3 g6 3. d4 Bg7 4. Be3 Qb6 5. Nc3 Qxb2 6. Na4 Qa3 7. Nxc5 d6 8.
Nb3 Nc6 9. Bb5 Bd7 10. Bc4 Qb4+ 11. Nfd2 Nf6 12. O-O O-O 13. Bd3 Ng4 14. Qe2
Nxe3 15. fxe3 e5 16. d5 Ne7 17. Rab1 Qa4 18. Nc4 Nc8 19. Qf2 f5 20. exf5
gxf5 21. Qg3 e4 22. Be2 Rf6 {White forfeits on time} 0-1

[Event "ICCopen2017"]
[Site "Internet Chess Club"]
[Date "2017.04.02"]
[Round "4"]
[White "km1515"]
[Black "NEO2017"]
[Result "0-1"]
[ICCResult "White forfeits on time"]
[WhiteElo "2084"]
[BlackElo "1759"]
[Opening "French: Winawer, advance, 5.a3"]
[ECO "C17"]
[NIC "FR.10"]
[Time "19:40:58"]
[TimeControl "180+0"]

1. d4 d5 2. e4 e6 3. Nc3 Bb4 4. e5 c5 5. a3 Ba5 6. b4 cxb4 7. Nb5 b3+ 8. c3
Ne7 9. Nd6+ Kf8 10. Qxb3 Qb6 11. Qxb6 Bxc3+ 12. Bd2 Bxd2+ 13. Kxd2 axb6 14.
Nf3 Nbc6 15. Bb5 Bd7 16. Nxb7 Nxe5 17. Bxd7 Nxd7 18. Rhb1 g6 19. Nd6 f6 20.
Rc1 Kg7 21. Rc7 Rhd8 22. g4 Nc8 23. Nb7 Ra7 24. Rac1 Rxb7 25. Rxb7 Nd6 26.
Ra7 Nc4+ 27. Kd3 Kh6 28. h4 e5 29. g5+ fxg5 30. hxg5+ Kh5 31. dxe5 Ndxe5+
32. Nxe5 Nxe5+ 33. Ke2 Kxg5 34. Rxh7 d4 35. Re7 d3+ 36. Kd2 Ng4 37. Rg1 Kf5
38. f3 Nf6 39. Rg7 g5 40. R1xg5+ Ke6 41. R7g6 Ra8 42. Rb5 Kf7 43. Rh6 Kg7
44. Rh1 Rxa3 45. Rxb6 Ra2+ 46. Kxd3 Ra3+ 47. Ke2 Ra2+ 48. Kf1 Nd5 49. Rb3
Ra1+ 50. Kg2 Nf4+ 51. Kh2 Ra2+ 52. Kg3 Ne2+ 53. Kg4 Nd4 54. Rb6 Ra4 55. f4
Ne2 56. Re1 Nxf4 57. Re7+ Kf8 58. Rd7 Nd5+ 59. Kf5 Nxb6 60. Rb7 Ra5+ 61. Ke6
Nc8 62. Kf6 Ke8 63. Rb8 Kd8 64. Rb7 Ra6+ 65. Ke5 Ne7 66. Rb8+ Kd7 67. Rb1
Ra5+ 68. Kf6 Nd5+ 69. Kg7 Nc7 70. Rd1+ Kc6 71. Re1 Rf5 72. Rc1+ Kd7 73. Kg6
Rf2 74. Rd1+ Ke7 75. Kg5 Ne6+ 76. Kg4 Rf4+ 77. Kg3 Rf8 78. Re1 Kf6 79. Kg4
Ke7 80. Kh5 Rg8 {White forfeits on time} 0-1

[Event "ICCopen2017"]
[Site "Internet Chess Club"]
[Date "2017.04.02"]
[Round "4"]
[White "Ataraxia"]
[Black "Radja"]
[Result "0-1"]
[ICCResult "White forfeits on time"]
[WhiteElo "1901"]
[BlackElo "2415"]
[Opening "Grünfeld: Opocensky variation"]
[ECO "D94"]
[NIC "GI.09"]
[Time "19:41:52"]
[TimeControl "180+0"]

1. d4 Nf6 2. Nf3 g6 3. e3 Bg7 4. c4 O-O 5. Nc3 d5 6. Bd2 Bf5 7. Rc1 c6 8.
Be2 Ne4 9. Ne5 Nd7 10. f4 Nxd2 11. Qxd2 f6 12. Nxd7 Qxd7 13. cxd5 cxd5 14.
Bf3 e6 15. O-O h5 16. Qd1 Rac8 17. Qb3 Kh7 18. Na4 b6 19. Nc3 Bd3 20. Rfe1
Bc4 21. Qd1 f5 22. e4 dxe4 23. Bxh5 Qxd4+ 24. Kh1 Qxd1 25. Bxd1 Bxc3 26.
Rxc3 Bxa2 27. Ra3 Bd5 28. Rxa7+ Kg8 29. Ba4 Rf7 30. Ra6 Rb7 31. Kg1 b5 32.
Bd1 Rc1 33. Kf2 Rb1 34. Ke3 Bb3 35. Bxb3 Rxe1+ 36. Kd2 Rg1 37. Bxe6+ Kg7 38.
Ke3 Rxg2 39. b3 Rc7 40. Kd4 Rd2+ 41. Ke3 Rd3+ 42. Ke2 Rc2+ 43. Ke1 Rxh2 44.
Ra7+ Kh6 45. Ra8 Kg7 46. Rh8 Kxh8 {White forfeits on time} 0-1

[Event "ICCopen2017"]
[Site "Internet Chess Club"]
[Date "2017.04.02"]
[Round "4"]
[White "aravind6904"]
[Black "Koval"]
[Result "1/2-1/2"]
[ICCResult "Game drawn by repetition"]
[WhiteElo "1440"]
[BlackElo "1933"]
[Opening "Sicilian: dragon variation"]
[ECO "B70"]
[NIC "SI.15"]
[Time "19:41:50"]
[TimeControl "180+0"]

1. e4 c5 2. Nf3 d6 3. d4 cxd4 4. Nxd4 Nf6 5. Nc3 g6 6. Bd3 Bg7 7. O-O O-O 8.
Be3 Nc6 9. Nxc6 bxc6 10. f3 Rb8 11. Rb1 Qc7 12. Kh1 Rd8 13. Qd2 Be6 14. a3
d5 15. Bf4 Qb6 16. Bxb8 Rxb8 17. exd5 cxd5 18. Ne2 Nh5 19. b3 Qd6 20. a4 Be5
21. f4 Bg7 22. Qe3 Bh6 23. Qf3 f5 24. Rbe1 Bf7 25. Rd1 Rb4 26. g3 Nf6 27.
Nc3 Qc7 28. Nb5 Qb6 29. Qf2 Ne4 30. Bxe4 fxe4 31. Qxb6 axb6 32. Rfe1 Bg7 33.
Kg1 Be8 34. Kg2 Bxb5 35. axb5 Rxb5 36. h3 Rc5 37. Re2 e6 38. Red2 Bc3 39.
Re2 Kf7 40. g4 h5 41. Kg3 hxg4 42. hxg4 Ra5 43. Kg2 Ra8 44. Kg3 Rh8 45. Kg2
b5 46. Rh1 Rc8 47. Rd1 b4 48. f5 gxf5 49. gxf5 Rg8+ 50. Kf1 Kf6 51. fxe6
Kxe6 52. Rg2 Rf8+ 53. Rf2 Rf6 54. Rxf6+ Bxf6 55. Ke2 Bc3 56. Ke3 Ke5 57. Ke2
d4 58. Rf1 Bb2 59. Rd1 Bc3 60. Rh1 Bb2 61. Rh5+ Kf4 62. Rh4+ Ke5 63. Rh5+
Kf4 64. Rh4+ Ke5 65. Rh5+ Kf4 {Game drawn by repetition} 1/2-1/2

[Event "ICCopen2017"]
[Site "Internet Chess Club"]
[Date "2017.04.02"]
[Round "4"]
[White "saya"]
[Black "Zloy17"]
[Result "1-0"]
[ICCResult "Black checkmated"]
[WhiteElo "2780"]
[BlackElo "1948"]
[Opening "QGD Slav: Breyer variation"]
[ECO "D11"]
[NIC "QP.08"]
[Time "19:41:54"]
[TimeControl "180+0"]

1. d4 d5 2. Nf3 Nf6 3. c4 c6 4. Nbd2 a6 5. Qc2 g6 6. e4 dxe4 7. Nxe4 Nxe4 8.
Qxe4 Bg7 9. Be2 O-O 10. O-O Nd7 11. Rd1 Nf6 12. Qh4 b5 13. Ne5 Bb7 14. Bf3
bxc4 15. Nxc4 a5 16. Bf4 Nd5 17. Be5 Ba6 18. Bxg7 Kxg7 19. Ne5 Qd6 20. Rac1
Rfc8 21. Ng4 h5 22. Ne5 Rab8 23. b3 a4 24. bxa4 Rb2 25. Qg5 Rxa2 26. Bxh5
Qf6 27. Qg3 Rxa4 28. Bf3 Qf4 29. Qxf4 Nxf4 30. Rxc6 Rxc6 31. Nxc6 Bb7 32. d5
Kf6 33. g3 Nh3+ 34. Kg2 Ng5 35. Rb1 Ba8 36. Rb6 e6 37. Bd1 exd5 38. h4 Ne6
39. Bxa4 d4 40. Rb8 Bxc6+ 41. Bxc6 d3 42. Bf3 Nd4 43. Rd8 Ke5 44. Rd5+ Ke6
45. Rxd4 Ke5 46. Rxd3 Kf6 47. Rd7 Kg7 48. Ra7 Kf6 49. Bd5 Kg7 50. Rxf7+ Kh6
51. g4 g5 52. Rf6+ Kg7 53. hxg5 Kh7 54. f4 Kh8 55. Kg3 Kg7 56. f5 Kh8 57.
Kf4 Kg7 58. Be4 Kh8 59. g6 Kg7 60. Rf7+ Kh6 61. Rh7# {Black checkmated} 1-0

[Event "ICCopen2017"]
[Site "Internet Chess Club"]
[Date "2017.04.02"]
[Round "4"]
[White "TomorrowLand"]
[Black "LevAbramovich"]
[Result "0-1"]
[ICCResult "White resigns"]
[WhiteElo "1719"]
[BlackElo "2023"]
[Opening "Giuoco Piano"]
[ECO "C50"]
[NIC "IG.02"]
[Time "19:42:12"]
[TimeControl "180+0"]

1. e4 e5 2. Nf3 Nc6 3. Bc4 Bc5 4. O-O Nf6 5. d3 d6 6. c3 a6 7. a4 Ba7 8.
Nbd2 O-O 9. Re1 Re8 10. h3 Be6 11. Qb3 Bxc4 12. Nxc4 Rb8 13. a5 h6 14. Be3
Bxe3 15. Nxe3 Qd7 16. Qc4 Ne7 17. d4 exd4 18. Qxd4 Nc6 19. Qd3 Nxe4 20. Nd5
Nc5 21. Rxe8+ Rxe8 22. Qc4 Ne7 23. Nf4 Nc6 24. Re1 Rxe1+ 25. Nxe1 Nxa5 26.
Qd4 Nc6 27. Qe3 Qe7 28. Qd2 Ne4 29. Qe2 Nf6 30. Qd2 Qe4 31. f3 Qe5 32. Ned3
Qe7 33. Nf2 Ne5 34. Nd5 Nxd5 35. Qxd5 c6 36. Qd4 d5 37. b4 Nc4 38. Ng4 h5
39. Nf2 Qe1+ 40. Kh2 Qe5+ 41. Qxe5 Nxe5 42. Kg3 b6 43. Kf4 f6 44. Kf5 Kf7
45. g4 hxg4 46. hxg4 g5 47. f4 gxf4 48. Kxf4 a5 49. g5 a4 50. Nd3 Nxd3+ 51.
Kf5 fxg5 52. Kxg5 a3 53. Kf5 a2 {White resigns} 0-1

[Event "ICCopen2017"]
[Site "Internet Chess Club"]
[Date "2017.04.02"]
[Round "4"]
[White "carbonero1969"]
[Black "DavidXanatoss"]
[Result "1-0"]
[ICCResult "Black forfeits on time"]
[WhiteElo "1794"]
[BlackElo "1553"]
[Opening "Robatsch (modern) defense"]
[ECO "B06"]
[NIC "KF.05"]
[Time "19:42:12"]
[TimeControl "180+0"]

1. e4 g6 2. d4 Bg7 3. f3 Nc6 4. Be3 d6 5. Ne2 e5 6. Nbc3 Nge7 7. d5 Nb8 8.
Qd2 h5 9. O-O-O f5 10. g3 O-O 11. h4 Kh7 12. Bg5 Qe8 13. Bh3 fxe4 14. fxe4
Bxh3 15. Rxh3 Rf2 16. Qe3 Rf7 17. Rg1 Nd7 18. g4 Qf8 19. gxh5 Rf1+ 20. Rxf1
Qxf1+ 21. Kd2 Qf7 22. hxg6+ Nxg6 23. h5 Nf4 24. Nxf4 exf4 25. Bxf4 Bxc3+ 26.
bxc3 Nc5 27. Bg5 Qe8 28. Rh4 a5 29. Bf6 a4 30. Bd4 {Black forfeits on time}
1-0

[Event "ICCopen2017"]
[Site "Internet Chess Club"]
[Date "2017.04.02"]
[Round "4"]
[White "leonardoalmeida"]
[Black "ROWLAND"]
[Result "1-0"]
[ICCResult "Black forfeits on time"]
[WhiteElo "1762"]
[BlackElo "1500"]
[Opening "English opening"]
[ECO "A16"]
[NIC "EO.64"]
[Time "19:42:13"]
[TimeControl "180+0"]

1. c4 Nf6 2. Nc3 g6 3. g3 Bg7 4. Bg2 d5 5. cxd5 c6 6. dxc6 Nxc6 7. e3 O-O 8.
Nge2 Bg4 9. O-O Qd7 10. Re1 Bh3 11. Bh1 Qg4 12. Nf4 g5 13. Qxg4 Bxg4 14.
Nfd5 Nxd5 15. Nxd5 e6 16. Nc3 Rad8 17. a3 Rd3 18. Be4 Rd7 19. d4 f5 20. Bg2
e5 21. d5 Ne7 22. h3 Bh5 23. b4 e4 24. Bb2 Nxd5 25. Rac1 Nxc3 26. Bxc3 Bxc3
27. Rxc3 Rfd8 28. g4 fxg4 29. hxg4 Bxg4 30. Bxe4 Rd1 31. Rxd1 Rxd1+ 32. Kg2
b6 33. Rc7 Rd7 34. Rc8+ Kg7 35. Rc6 h5 36. f3 Rd2+ 37. Kg3 Bxf3 38. Bxf3 g4
39. Bxg4 hxg4 40. Kxg4 Rd3 41. Rc7+ Kf6 42. Rxa7 Rxe3 43. Ra6 Rb3 44. Rxb6+
Ke5 45. Ra6 Kd5 46. Kf4 Kc4 47. Ke4 Kb5 48. Ra5+ Kb6 49. Kd4 Rb1 50. Kc4
Rc1+ 51. Kb3 Rb1+ 52. Ka4 Rb2 53. Rg5 Ka6 54. Rg6+ Kb7 55. Kb5 Rb3 56. Rg7+
Kc8 57. a4 Rh3 58. a5 Rh5+ 59. Ka6 Rh6+ 60. Ka7 Rh5 61. Ka6 Rh6+ 62. Kb5
Rh5+ 63. Ka4 Rh4 64. a6 {Black forfeits on time} 1-0

[Event "ICCopen2017"]
[Site "Internet Chess Club"]
[Date "2017.04.02"]
[Round "4"]
[White "GolfPro"]
[Black "Buscapina"]
[Result "0-1"]
[ICCResult "White checkmated"]
[WhiteElo "1877"]
[BlackElo "2259"]
[Opening "English opening: Agincourt variation"]
[ECO "A13"]
[NIC "EO.64"]
[Time "19:41:51"]
[TimeControl "180+0"]

1. c4 e6 2. Nf3 d5 3. cxd5 exd5 4. d3 Nf6 5. g3 Be7 6. Bg2 O-O 7. O-O c6 8.
Bg5 Nbd7 9. Nc3 h6 10. Bxf6 Nxf6 11. e3 Bg4 12. Qb3 Qb6 13. Qxb6 axb6 14. h3
Bd7 15. Rac1 b5 16. a3 b4 17. axb4 Bxb4 18. Ne5 Bf5 19. g4 Bh7 20. d4 Ra7
21. h4 Rfa8 22. g5 hxg5 23. hxg5 Ne8 24. Nd7 Nd6 25. Nb6 Rd8 26. Nbxd5 cxd5
27. Nxd5 Bd2 28. Rc7 Be4 29. Bxe4 Nxe4 30. Ne7+ Kf8 31. Nc6 Ba5 32. Rxf7+
Kxf7 33. Nxa7 Nxg5 34. Rc1 Ne4 35. Nb5 Ke6 36. Rc4 Kd5 37. Rc2 Bb6 38. Nc3+
Nxc3 39. bxc3 Kc4 40. Kg2 Ba5 41. Rb2 b5 42. Rb1 Bxc3 43. Kf3 b4 44. Ke2 b3
45. f3 Ra8 46. Rxb3 Ra2+ 47. Kf1 Kxb3 48. d5 Be5 49. e4 Kc3 50. f4 Bxf4 51.
d6 Bxd6 52. Ke1 Kd3 53. Kf1 Ke3 54. Kg1 Kf3 55. e5 Bxe5 56. Kh1 Ra1#
{White checkmated}
0-1

[Event "ICCopen2017"]
[Site "Internet Chess Club"]
[Date "2017.04.02"]
[Round "4"]
[White "vishweshk"]
[Black "BrentMusburger"]
[Result "0-1"]
[ICCResult "White checkmated"]
[WhiteElo "1861"]
[BlackElo "2354"]
[Opening "Queen's pawn: stonewall attack"]
[ECO "D00"]
[NIC "QP.08"]
[Time "19:42:08"]
[TimeControl "180+0"]

1. d4 d5 2. e3 Nf6 3. Bd3 c5 4. c3 Nc6 5. Nf3 Qc7 6. O-O e5 7. dxe5 Nxe5 8.
Nxe5 Qxe5 9. Nd2 Bd6 10. Nf3 Qe7 11. Bb5+ Bd7 12. Bxd7+ Qxd7 13. b3 O-O 14.
Bb2 Qf5 15. c4 Rad8 16. cxd5 Nxd5 17. Qe2 Rfe8 18. Qc4 Nf6 19. Rad1 Re4 20.
Qb5 Rb4 21. Qe2 Rb6 22. Rd2 Re8 23. Rfd1 Bc7 24. Ba3 Ng4 25. Qd3 Qh5 26. h3
Ne5 27. Nxe5 Qxe5 28. g3 Rh6 29. h4 Rg6 30. Kg2 Rxg3+ 31. fxg3 Qxg3+ 32. Kf1
Qh3+ 33. Rg2 Qxh4 34. Qd7 Qf6+ 35. Rf2 Qe7 36. Qxe7 Rxe7 37. Bxc5 Re8 38.
Rfd2 g6 39. Rd7 Be5 40. Rxb7 h5 41. Rdd7 Kh7 42. Rxf7+ Kh6 43. Bd4 Bxd4 44.
exd4 h4 45. Rh7+ Kg5 46. Rb5+ Kg4 47. Rxa7 Rf8+ 48. Kg2 h3+ 49. Kh2 Rf2+ 50.
Kg1 Rb2 51. Rg7 h2+ 52. Kh1 Kh3 53. Rxg6 Rb1+ 54. Rg1 hxg1=Q# {White
checkmated} 0-1

[Event "ICCopen2017"]
[Site "Internet Chess Club"]
[Date "2017.04.02"]
[Round "4"]
[White "MisticKnights13"]
[Black "nikenwidiartto"]
[Result "0-1"]
[ICCResult "White forfeits on time"]
[WhiteElo "1538"]
[BlackElo "1823"]
[Opening "QGD semi-Slav: Meran variation"]
[ECO "D47"]
[NIC "SL.09"]
[Time "19:42:15"]
[TimeControl "180+0"]

1. c4 c6 2. Nc3 d5 3. d4 Nf6 4. Nf3 e6 5. e3 Nbd7 6. Bd3 dxc4 7. Bxc4 b5 8.
Bb3 Bb7 9. O-O a6 10. Bc2 c5 11. dxc5 Bxc5 12. b3 O-O 13. Bb2 Rc8 14. Qe2
Qb6 15. Rfd1 Rfd8 16. h3 Nf8 17. Rxd8 Rxd8 18. Rd1 Ng6 19. Nd2 Qc6 20. Nde4
Nxe4 21. Bxe4 Qc7 22. Rxd8+ Qxd8 23. Bxb7 h6 24. Bxa6 b4 25. Ne4 Be7 26. f4
Qa5 27. Bc4 Qxa2 28. Bd4 Qb1+ 29. Kh2 Qxe4 30. Qf3 Qf5 31. Qa8+ Kh7 32. g4
Qc2+ 33. Qg2 Qd1 34. Be2 Qd2 35. Kg3 Bd6 36. h4 Nxf4 37. exf4 Qxd4 38. Qf3
g6 39. Qd3 Qxf4+ 40. Kg2 Qh2+ 41. Kf3 Be5 42. h5 Qh3+ 43. Kf2 Qxd3 44. Bxd3
Kg7 45. hxg6 fxg6 46. Kf3 Kf6 47. Ke4 Bc3 48. Bc4 h5 49. gxh5 gxh5 50. Be2
h4 51. Bg4 e5 52. Bh3 Kg5 53. Bf5 Be1 54. Bh3 Bc3 55. Bf5 Kf6 56. Bh3 Ke7
57. Bf5 Kd6 58. Bh3 Kc5 {White forfeits on time} 0-1

[Event "ICCopen2017"]
[Site "Internet Chess Club"]
[Date "2017.04.02"]
[Round "4"]
[White "Unico"]
[Black "aplusk"]
[Result "0-1"]
[ICCResult "White forfeits on time"]
[WhiteElo "2434"]
[BlackElo "2680"]
[Opening "Old Indian defense"]
[ECO "A42"]
[NIC "OI.07"]
[Time "19:42:00"]
[TimeControl "180+0"]

1. d4 d6 2. c4 e5 3. g3 exd4 4. Qxd4 Nc6 5. Qd3 Be6 6. Nf3 Ne5 7. Nxe5 dxe5
8. Qxd8+ Kxd8 9. b3 c6 10. Bg2 Bb4+ 11. Bd2 Bxd2+ 12. Nxd2 Nf6 13. Nf3 Nd7
14. Ng5 Ke7 15. Nxe6 Kxe6 16. Bh3+ Ke7 17. Bxd7 Kxd7 18. O-O-O+ Kc7 19. Rd2
Rhd8 20. Rhd1 Rxd2 21. Rxd2 a5 22. Kb2 g5 23. e4 h5 24. h3 Rf8 25. Kc3 Kb6
26. a3 f5 27. exf5 Rxf5 28. b4 Rf3+ 29. Kb2 a4 30. Re2 g4 31. h4 Kc7 32.
Rxe5 Rxf2+ 33. Kc3 Rf3+ 34. Kd4 Rxa3 35. Rxh5 Rxg3 36. Kc5 b6+ 37. Kd4 a3
38. Rh7+ Kb8 39. Rh8+ Kb7 40. Rh7+ Ka6 41. Rh8 Rh3 42. h5 a2 43. Ra8+ Kb7
44. Rxa2 Rxh5 45. Rg2 Rh4 46. Rg3 Kc7 47. Ke5 Kd7 48. Kf5 Kd6 49. Rd3+ Kc7
50. Rg3 Rh1 51. Rxg4 Rb1 52. Ke5 Rxb4 53. Rg7+ Kb8 54. Kd4 b5 55. Kc5 Rxc4+
56. Kb6 Kc8 57. Rg8+ Kd7 58. Rg6 b4 59. Rg7+ Kd6 60. Rg6+ Kd5 61. Rg1 b3 62.
Rd1+ Rd4 63. Rb1 Rb4+ 64. Ka5 Rb5+ 65. Ka4 b2 66. Ka3 Kc4 67. Rxb2 Rxb2 68.
Kxb2 Kd3 69. Kc1 Kc3 70. Kd1 c5 71. Kc1 c4 72. Kd1 Kb2 73. Kd2 c3+ 74. Kd1
c2+ 75. Ke2 c1=Q 76. Kd3 Qc2+ 77. Kd4 Qc3+ {White forfeits on time} 0-1

[Event "ICCopen2017"]
[Site "Internet Chess Club"]
[Date "2017.04.02"]
[Round "4"]
[White "Darnoc"]
[Black "HuevosDeLeon"]
[Result "1/2-1/2"]
[ICCResult "Black ran out of time and White has no material to mate"]
[WhiteElo "2898"]
[BlackElo "2539"]
[Opening "Nimzo-Indian: classical variation"]
[ECO "E32"]
[NIC "NI.20"]
[Time "19:41:57"]
[TimeControl "180+0"]

1. d4 Nf6 2. c4 e6 3. Nc3 Bb4 4. Qc2 O-O 5. a3 Bxc3+ 6. Qxc3 d5 7. Nf3 dxc4
8. Qxc4 b6 9. Bg5 Ba6 10. Qa4 Qd7 11. Qc2 Qc6 12. Qxc6 Nxc6 13. Rc1 Na5 14.
Bxf6 gxf6 15. e3 Bxf1 16. Kxf1 c5 17. Ke2 Rfd8 18. Rc3 Nb7 19. Rhc1 Rd7 20.
g4 Rad8 21. b4 cxb4 22. axb4 Nd6 23. Rc7 Kf8 24. h3 Ke7 25. Nd2 Nb5 26.
Rxd7+ Rxd7 27. f4 a5 28. bxa5 bxa5 29. Kd3 e5 30. fxe5 fxe5 31. Rc5 Rb7 32.
Rxe5+ Kf8 33. Nb3 a4 34. Nc5 Ra7 35. Nxa4 Nxd4 36. exd4 Rxa4 37. Rh5 Kg7 38.
Ke4 h6 39. Ke5 f6+ 40. Ke4 Kg6 41. Kd3 Ra3+ 42. Ke4 Ra4 43. h4 Ra1 44. Rd5
Rg1 45. h5+ Kf7 46. Kf4 Rf1+ 47. Kg3 Rg1+ 48. Kf3 Rf1+ 49. Kg2 Rf4 50. Kg3
Rf1 51. Rd7+ Ke6 52. Rh7 Rg1+ 53. Kf3 Rf1+ 54. Kg2 Rf4 55. Kg3 Rxd4 56. Rxh6
Rd3+ 57. Kf4 Rd4+ 58. Kf3 Rd3+ 59. Ke4 Rg3 60. Kf4 Rg1 61. Rh8 Rf1+ 62. Kg3
Rg1+ 63. Kf3 Rf1+ 64. Kg2 Rf4 65. Kg3 Rf1 66. h6 Kf7 67. Kg2 Rf4 68. Kg3 Rf1
69. Rh7+ Kg6 70. Rb7 Kxh6 71. Kg2 Ra1 72. Rb3 Ra2+ 73. Kg3 Ra5 74. Rf3 Kg6
75. Rf4 Ra6 76. Rf3 Re6 77. Kg2 Re5 78. Kg3 Rg5 79. Kf4 f5 80. Kg3 Rxg4+ 81.
Kf2 Kg5 82. Re3 Rf4+ 83. Ke2 Kg4 84. Kd3 Re4 85. Rg3+ Kxg3 86. Kd2 Kf3 87.
Kd3 Re3+ 88. Kd2 f4 89. Kc2 Kf2 90. Kd1
{Black ran out of time and White has no material to mate}
1/2-1/2

[Event "ICCopen2017"]
[Site "Internet Chess Club"]
[Date "2017.04.02"]
[Round "4"]
[White "ComplexZeta"]
[Black "croder"]
[Result "1-0"]
[ICCResult "Black checkmated"]
[WhiteElo "1865"]
[BlackElo "1583"]
[Opening "Philidor's defense"]
[ECO "C41"]
[NIC "KP.10"]
[Time "19:42:55"]
[TimeControl "180+0"]

1. e4 e5 2. Nf3 d6 3. Nc3 Nc6 4. d4 f6 5. Bc4 Qe7 6. O-O Na5 7. Bd3 a6 8.
Be3 Nc6 9. Nd5 Qd7 10. dxe5 dxe5 11. a3 Bd6 12. Bc4 Nge7 13. Qd2 Nxd5 14.
Bxd5 Ne7 15. Bb3 a5 16. Rad1 a4 17. Ba2 Ng6 18. Ne1 Qe7 19. Qd5 Rb8 20. c3
Bd7 21. Nc2 Bc6 22. Qd3 Bd7 23. Nb4 Be6 24. Nd5 Qf7 25. Ba7 Ra8 26. Be3 O-O
27. g3 Kh8 28. f4 Bxd5 29. Bxd5 Qe7 30. f5 Nf4 31. gxf4 exf4 32. Bxf4 Bxf4
33. Rxf4 c6 34. Ba2 Rad8 35. Qe2 Qc5+ 36. Kg2 b5 37. Rff1 Rde8 38. Rd4 Qe5
39. Rfd1 Qf4 40. Qf3 Qg5+ 41. Qg3 Qh6 42. Be6 c5 43. Rd7 b4 44. cxb4 c4 45.
Bxc4 Rc8 46. Be6 Rc2+ 47. Kg1 Rxb2 48. Rd8 g5 49. Qd6 Kg7 50. Qxf8#
{Black checkmated}
1-0

[Event "ICCopen2017"]
[Site "Internet Chess Club"]
[Date "2017.04.02"]
[Round "4"]
[White "ShiningPath"]
[Black "Activekids"]
[Result "0-1"]
[ICCResult "White forfeits on time"]
[WhiteElo "2659"]
[BlackElo "2016"]
[Opening "Levitsky attack (Queen's bishop attack)"]
[ECO "D00"]
[NIC "QP.08"]
[Time "19:42:35"]
[TimeControl "180+0"]

1. d4 d5 2. Bg5 c5 3. dxc5 h6 4. Bh4 Nf6 5. Nd2 g5 6. Bg3 Qa5 7. Be5 Qxc5 8.
Bxf6 exf6 9. e3 Bg7 10. Ngf3 Bf5 11. Nd4 Bg6 12. Bd3 Bxd3 13. cxd3 Nc6 14.
Nf5 O-O 15. h4 Nb4 16. Nb3 Qc2 17. O-O Qxd3 18. Qg4 Qe4 19. Qxe4 dxe4 20.
Nc5 b6 21. Nxe4 Rfe8 22. Neg3 gxh4 23. Nh5 Bh8 24. f4 Nd5 25. Rf3 Kh7 26.
Rd1 Rad8 27. Rd4 a5 28. Nxh4 Nb4 29. a3 Rxd4 30. exd4 Nc2 31. Rd3 f5 32. d5
Bd4+ 33. Kh2 Bc5 34. Nxf5 Ne1 35. d6 Nxd3 36. Nf6+ Kg6 37. Nxe8 Kxf5 38. d7
Be7 39. Nc7 Bd8 40. Nd5 Nxf4 41. Nc3 Ne6 42. Nd1 Nc7 43. Ne3+ Kf6 44. Nc4
Kg7 45. Nd6 Ne6 46. Ne8+ Kf8 47. Nd6 Bc7 {White forfeits on time} 0-1